AoeStats
← impossible

Arena

510460693Analyzed
4v4 RM · 3d ago on Oct 1, 2026· 42m 46s· 8 players
Game mode
Random Map
Map size
Large (8 player)
Population
200
Speed
Normal
Resources
Standard
Victory
Conquest
Starting age
Dark Age
Ending age
Imperial Age
RankedLock teamsTeams togetherTeam positionsShared explorationLock speedFull tech treeHidden civsTurbo modeCheats
Victory
Defeat
🇷🇺 Britons · Russia
1184
+16
1130
+18
1125
+18
🇨🇳 Franks · China
1088
+20
🇫🇷 Bohemians · France
1216
-20
🇺🇸 Burgundians · United States
1196
-19
🇲🇽 Saxons · Mexico
1162
-17
🇨🇳 Aztecs · China
1134
-16
飞翔的圣光
6:54 Loom
11:13 Feudal Age
13:02 Double-Bit Axe
15:37 Castle Age
17:38 Bow Saw
22:43 Town Watch
23:50 Wheelbarrow
24:50 Horse Collar
26:11 Heavy Plow
26:52 Hand Cart
26:25 Pikeman
27:05 Squires
27:32 Scale Mail Armor
28:57 Sanctity
28:48 Fervor
29:02 Chain Mail Armor
32:49 Imperial Age
31:11 Treadmill Crane
31:42 Careening
31:53 Ballistics
31:32 Murder Holes
31:56 Forging
31:40 Stone Mining
31:42 Gold Mining
32:07 Redemption
33:09 Gold Shaft Mining
33:43 Iron Casting
34:11 Garland Wars
De_Aztek
10:48 Feudal Age
15:17 Castle Age
13:33 Gold Mining
13:52 Scale Mail Armor
15:35 Fletching
17:00 Loom
18:43 Wheelbarrow
19:37 Double-Bit Axe
21:52 Forging
25:18 Imperial Age
24:50 Chain Mail Armor
Cryptomage
12:04 Feudal Age
10:23 Loom
16:00 Castle Age
14:16 Double-Bit Axe
14:57 Horse Collar
17:22 Forging
18:55 Fletching
22:26 Bow Saw
24:29 Squires
25:36 Scale Mail Armor
25:28 Pikeman
29:01 Imperial Age
28:43 Chemistry
28:04 Ballistics
30:06 Bodkin Arrow
30:21 Siege Engineers
32:55 Bracer
35:17 Houfnice
43:01 Murder Holes
petey_hs
10:56 Feudal Age
12:13 Loom
14:56 Castle Age
13:03 Double-Bit Axe
13:03 Horse Collar
15:50 Wheelbarrow
18:26 Elite Skirmisher
20:22 Fletching
22:42 Heavy Plow
25:30 Gold Mining
26:38 Padded Archer Armor
27:42 Bow Saw
28:03 Crop Rotation
30:13 Bodkin Arrow
33:19 Imperial Age
32:21 Gold Shaft Mining
31:36 Stone Mining
32:50 Two-Man Saw
31:42 Town Watch
32:28 Leather Archer Armor
34:07 Ballistics
34:04 Bracer
34:22 Hand Cart
35:31 Chemistry
76561199122638748
11:24 Feudal Age
16:36 Castle Age
14:26 Double-Bit Axe
19:29 Forging
19:34 Bow Saw
19:50 Gold Mining
25:45 Forging
26:56 Iron Casting
26:26 Scale Barding Armor
29:53 Loom
32:02 Wheelbarrow
31:58 Chain Barding Armor
32:38 Husbandry
35:51 Imperial Age
34:52 Hand Cart
36:14 Gold Shaft Mining
37:39 Blast Furnace
37:15 Plate Barding Armor
36:03 Cavalier
36:46 Town Watch
37:05 Stone Mining
37:13 Paladin
38:06 Scale Mail Armor
39:22 Town Patrol
40:04 Chain Mail Armor
40:21 Pikeman
41:01 Squires
40:47 Arson
42:17 Plate Mail Armor
适合结婚的好妹妹
10:30 Feudal Age
10:47 Feudal Age
15:34 Castle Age
13:41 Double-Bit Axe
13:40 Horse Collar
19:59 Wheelbarrow
20:00 Gold Mining
29:14 Imperial Age
27:07 Scale Mail Armor
27:18 Forging
28:41 Hand Cart
28:18 Arson
28:33 Squires
28:18 Gambesons
28:55 Bow Saw
28:54 Heavy Plow
29:42 Chain Mail Armor
30:02 Iron Casting
29:22 Elite Varangian Guard
31:45 Plate Mail Armor
32:16 Blast Furnace
33:48 Gothikon
37:55 Conscription
40:11 Husbandry
40:23 Bloodlines
39:37 Cavalier
43:18 Scale Barding Armor
impossible
10:10 Feudal Age
14:02 Castle Age
12:21 Double-Bit Axe
14:40 Loom
17:44 Fletching
18:34 Bodkin Arrow
28:01 Town Watch
28:52 Wheelbarrow
28:20 Padded Archer Armor
32:10 Ballistics
31:31 Treadmill Crane
33:21 Hand Cart
34:14 Yeomen
34:43 Leather Archer Armor
35:17 Gold Mining
39:01 Imperial Age
39:58 Warwolf
40:00 Bracer
41:02 Chemistry
41:01 Conscription
43:19 Bow Saw
42:45 Elite Longbowman
遇事不决选天朝
10:59 Feudal Age
11:14 Loom
15:03 Castle Age
13:12 Double-Bit Axe
13:34 Horse Collar
25:02 Wheelbarrow
27:55 Hand Cart
27:53 Bow Saw
27:42 Gold Mining
27:43 Stone Mining
33:17 Imperial Age
32:27 Stone Shaft Mining
33:57 Fortified Wall
34:08 Ballistics
33:29 Treadmill Crane
33:59 Masonry
35:01 Conscription
34:01 Elite Organ Gun
37:12 Chemistry
36:18 Siege Engineers
36:10 Murder Holes
37:27 Two-Man Saw
36:39 Heavy Plow
38:49 Architecture
42:23 Capped Ram
Connection lost

Rejoining the realm…

Still unreachable

The connection could not be restored.

Session expired

The server has moved on; the page needs a fresh start.